 Dungeon Crawl Stone Soup version 0.27-a0-1273-gec92ba881d (webtiles) character file.

Game seed: 16373269122025416757

2886 Tef the Martial Artist (level 9, -2/64 HPs)
             Began as a Grey Draconian Transmuter on June 12, 2021.
             Was a Follower of Wu Jian.
             Succumbed to a killer bee's poison
             ... on level 7 of the Dungeon.
             The game lasted 00:42:23 (8456 turns).

Tef the Martial Artist (Grey Draconian Transmuter)  Turns: 8456, Time: 00:42:23

Health: -2/64      AC: 14    Str: 12    XL:     9   Next: 48%
Magic:  12/12      EV: 15    Int: 14    God:    Wu Jian [*.....]
Gold:   1436       SH:  5    Dex: 15    Spells: 9/12 levels left

rFire    + + .     SeeInvis .     - Unarmed
rCold    + . .     Faith    .   (no shield)
rNeg     + . .     Spirit   .   (armour unavailable)
rPois    .         Reflect  +   (helmet restricted)
rElec    .         Harm     .   (no cloak)
rCorr    .         Rampage  .   (no gloves)
Will     .....                  w - +1 pair of boots
Stlth    +.........             o - amulet of reflection
HPRegen  0.20/turn              a - ring of protection from fire
MPRegen  0.13/turn              k - ring of positive energy

@: lethally poisoned (-2 -> -15)
A: AC +12, amphibious, unfitting armour, cold-blooded, stinger 1, cold
resistance 1, fire resistance 1
a: Renounce Religion


You were on level 7 of the Dungeon.
You worshipped Wu Jian.
Wu Jian was aware of your devotion.
You visited 2 branches of the dungeon, and saw 8 of its levels.

You collected 1436 gold pieces.

Inventory:

Hand Weapons
 i - a +2 dagger of electrocution
 j - a +3 dagger of venom
Armour
 w - a +1 pair of boots (worn)
Jewellery
 a - a ring of protection from fire (left hand)
 h - the amulet of Fod Dea {Spirit Regen+}
   (You acquired it on level 6 of the Dungeon)

   [amulet of guardian spirit]

   It causes incoming damage to be divided between your reserves of health and
   magic.
   It increases your rate of health regeneration.
 k - a ring of positive energy (right hand)
 o - an amulet of reflection (around neck)
 x - a ring of flight
Wands
 g - a wand of iceblast (10)
 m - a wand of flame (26)
Scrolls
 e - 2 scrolls of magic mapping
 n - a scroll of silence
 p - a scroll of identify
 t - a scroll of fog


   Skills:
 - Level 1.1 Fighting
 + Level 7.2 Dodging
 + Level 8.2 Unarmed Combat
 - Level 2.0 Spellcasting
 + Level 7.8 Transmutations


You had 9 spell levels left.
You knew the following spells:

 Your Spells              Type           Power      Damage    Failure   Level
a - Beastly Appendage     Tmut           46%        N/A       1%          1
b - Wereblood             Tmut           23%        N/A       1%          2

Your spell library contained the following spells:

 Spells                   Type           Power      Damage    Failure   Level
 Passwall                 Tmut/Erth      10%        N/A       7%          2
 Spider Form              Tmut/Pois      6%         N/A       14%         3
 Sandblast                Erth           2%         2d4       24%         1
 Ice Form                 Ice/Tmut       12%        N/A       43%         4
 Petrify                  Tmut/Erth      12%        N/A       43%         4
 Stone Arrow              Conj/Erth      2%         3d7       56%         3
 Yara's Violent Unravell  Hex/Tmut       6%         3d5       78%         5
 Cause Fear               Hex            0%         N/A       93%         4
 Lee's Rapid Deconstruct  Erth           0%         3d5*      100%        5
 Silence                  Hex/Air        0%         N/A       100%        5
 Discord                  Hex            0%         N/A       100%        8


Dungeon Overview and Level Annotations

Branches:
Dungeon (7/15)             Temple (1/1) D:4

Altars:
Ashenzari
Dithmenos
Elyvilon
Fedhas
Hepliaklqana
Kikubaaqudgha
Nemelex Xobeh
Okawaru
Qazlal
Sif Muna
Trog
Uskayaw
Vehumet
Wu Jian
Zin
The Shining One

Shops:
D:6 !

Annotations:
D:5 3 runed translucent doors, exclusions: 3 doors and downstairs, Edmund; ZappyNine's ghost, novice GnBr; ZappyNine's ghost, novice GnDe; deletemesenpai's ghost, novice HOFi; freelancePsychic's ghost, novice HuFE


Innate Abilities, Weirdness & Mutations

Your dull iron-grey scales are very hard. (AC +12)
You are amphibious.
You cannot fit into any form of body armour.
You are cold-blooded and may be slowed by cold attacks.
Your tail ends in a poisonous barb.
Your flesh is cold resistant. (rC+)
Your flesh is heat resistant. (rF+)


Message History

The killer bee is heavily wounded.
You feel sick. You block the killer bee's attack. x2
You aren't carrying any potions.
Unknown command.
As you read the scroll labelled BOTTU BULUO, it crumbles to dust.
You hear a loud clanging noise!
It was a scroll of noise.
You feel very sick. You block the killer bee's attack.
The killer bee barely misses you.
As you read the scroll labelled VEBAIXIAGA, it crumbles to dust.
It is a scroll of enchant armour.
Your +0 pair of boots glows green for a moment.
You feel sick. The killer bee stings you.
* * * LOW HITPOINT WARNING * * *
You are lethally poisoned!
The killer bee poisons you! You block the killer bee's attack.
As you read the scroll labelled YLUEQI WAONAA, it crumbles to dust.
The scroll dissolves into smoke.
It was a scroll of fog.
* * * LOW HITPOINT WARNING * * *
You feel very sick. The killer bee stings you.
* * * LOW HITPOINT WARNING * * *
You are more poisoned.
The killer bee poisons you! The killer bee misses you.
You aren't carrying any potions.
As you read the scroll labelled QOSASE VEDIEGHIG, it crumbles to dust.
Wisps of shadow whirl around you...
It was a scroll of summoning.
* * * LOW HITPOINT WARNING * * *
You feel very sick. The killer bee closely misses you.
You block the killer bee's attack.
* * * LOW HITPOINT WARNING * * *
You feel very sick.
Your centaur hits the killer bee. Your centaur misses the killer bee.
Your centaur zombie misses the killer bee.
Your centaur zombie completely misses the killer bee.
You block the killer bee's attack.
You aren't carrying any potions.
You don't have any unidentified items.
Keep disrobing?
You die...

#)# ##.# #..# #.# #.# #.... ..#
#)# ##)## #.# ### #.... ..####
##)## #[[# #.# #....
#....###...####[####.########....
....##.....).........(......+....
...##.............##.########....
..##.).........§§§##.............
.##............§§S##.############
##......####...§@c##.# #.......#
######y##.# ........# #Z§#.#
........##########§#.#
........'............#
........###########..# *****
.......## *..# *,,,,
.....).#***********..#*######....
.......#*,,,,,,,,,,...,y........,


You could see a killer bee (ally target), a friendly water moccasin (summoned),
a friendly centaur (summoned) and a friendly centaur zombie (summoned).

Vanquished Creatures
  A cyclops (D:7)
  A yak (D:6)
  A steam dragon (D:6)
  A vampire mosquito (D:6)
  A water moccasin (D:6)
  An orc warrior (D:7)
  An ice beast (D:6)
  2 ogres (D:6)
  A necrophage (D:6)
  A phantom (D:5)
  2 kobold brigands
  A bullfrog (D:6)
  4 scorpions
  A water moccasin skeleton (D:6)
  5 killer bees (D:7)
  5 wights
  3 howler monkeys (D:7)
  A bullfrog skeleton (D:4)
  A bullfrog zombie (D:6)
  2 hounds
  A gnoll shaman (D:7)
  2 iguanas (D:6)
  An orc wizard (D:6)
  A hound skeleton (D:4)
  5 adders
  3 gnolls (D:7)
  2 shadow imps (D:6)
  2 dart slugs
  14 orcs
  5 bats
  7 endoplasms
  9 goblins
  9 hobgoblins
  18 jackals
  4 quokkas
  4 ball pythons
  6 frilled lizards
  16 kobolds
  4 rats
149 creatures vanquished.

Vanquished Creatures (others)
  2 withered plants (D:5)
2 creatures vanquished.

Grand Total: 151 creatures vanquished

Notes
Turn   | Place    | Note
-------+----------+-------------------------------------------
     0 | D:1      | Tef the Draconian Transmuter began the quest for the Orb.
     0 | D:1      | Reached XP level 1. HP: 16/16 MP: 3/3
   300 | D:1      | Reached XP level 2. HP: 23/23 MP: 3/5
  1182 | D:2      | Reached XP level 3. HP: 28/28 MP: 4/6
  1866 | D:2      | Reached XP level 4. HP: 31/35 MP: 5/7
  2695 | D:3      | Noticed an ogre
  3031 | D:3      | Reached skill level 4 in Unarmed Combat
  3198 | D:3      | Noticed a water moccasin
  3512 | D:4      | Reached XP level 5. HP: 24/40 MP: 6/8
  3796 | D:4      | Found a staircase to the Ecumenical Temple.
  3910 | D:5      | Entered Level 5 of the Dungeon
  3919 | D:5      | Reached XP level 6. HP: 32/47 MP: 7/9
  4092 | D:5      | Reached skill level 5 in Unarmed Combat
  4148 | D:5      | Found a runed translucent gate.
  4148 | D:5      | Found a runed translucent gate.
  4149 | D:5      | Found a runed translucent gate.
  4150 | D:5      | Noticed deletemesenpai's ghost (novice HOFi)
  4150 | D:5      | Noticed ZappyNine's ghost (novice GnBr)
  4151 | D:5      | Noticed freelancePsychic's ghost (novice HuFE)
  4151 | D:5      | Noticed ZappyNine's ghost (novice GnDe)
  4177 | D:6      | Learned a level 2 spell: Wereblood
  4180 | D:6      | Noticed a water moccasin
  4582 | D:6      | Noticed an ice beast
  4605 | D:6      | Killed an ice beast
  4606 | D:6      | Your scales start taking on a dull iron-grey colour.
  4606 | D:6      | Reached XP level 7. HP: 42/52 MP: 8/10
  4676 | D:6      | Reached skill level 5 in Transmutations
  4897 | D:6      | Noticed Edmund
  5165 | Temple   | Entered the Ecumenical Temple
  5387 | Temple   | Became a worshipper of the Wu Jian Council
  5605 | D:6      | Reached skill level 5 in Dodging
  5605 | D:6      | Reached skill level 6 in Unarmed Combat
  5803 | D:6      | Noticed a steam dragon
  5828 | D:6      | Killed a steam dragon
  5829 | D:6      | Reached XP level 8. HP: 34/59 MP: 11/11
  6262 | D:6      | Identified 2 scrolls of acquirement
  6263 | D:6      | Acquired the amulet of Fod Dea {Spirit Regen+}
  6265 | D:6      | Acquired 1051 gold pieces
  6828 | D:6      | Reached skill level 7 in Unarmed Combat
  6926 | D:6      | Found Zanoyst's Distillery.
  6992 | D:6      | Noticed a troll
  7537 | D:7      | Reached XP level 9. HP: 42/64 MP: 10/12
  7715 | D:7      | Reached * piety under Wu Jian
  8368 | D:7      | Noticed a cyclops
  8397 | D:7      | Gained mutation: Your tail ends in a poisonous barb.
                  | [potion of mutation]
  8397 | D:7      | Gained mutation: Your flesh is heat resistant. (rF+)
                  | [potion of mutation]
  8397 | D:7      | Gained mutation: Your flesh is cold resistant. (rC+)
                  | [potion of mutation]
  8434 | D:7      | Killed a cyclops
  8435 | D:7      | Reached skill level 8 in Unarmed Combat
  8455 | D:7      | HP: 1/64 [poisoned by a killer bee]
  8456 | D:7      | Succumbed to a killer bee's poison

Illustrated notes

Levels and vault maps discovered:
D:1:      dpeg_arrival_pits, layout_basic, hex_tiny, minmay_heptomino_h4
D:2:      layout_loops_ring
D:3:      minmay_wonky_spiral, layout_basic,
          shapermc_ecumenical_altar_totnotflames
D:4:      layout_basic, minmay_temple_entry_sparse_star, serial_glass,
          glass_columns_c, glass_columns_b
D:5:      layout_cave_pools, gammafunk_ghost_cemetery,
          chequers_serial_rivers_small_b, dk_noncrumbling_2
D:6:      minmay_thick_lines, layout_gridville, serial_shops,
          nicolae_shop_statue_plus, dk_vineyard_2, nicolae_lava_and_water,
          uniq_edmund
D:7:      layout_basic, nrook_mini_backslash, chequers_serial_rivers_marsh,
          minmay_misc_feat_encased, uniq_pikel
Temple:   regret_index_temple_sphere_string

Skill      XL: |  1  2  3  4  5  6  7  8  9 |
---------------+----------------------------+-----
Dodging        | 2 3 4 5 6 7 |  7.2
Transmutations | 3 4 5 7 |  7.8
Unarmed Combat | 4 5 6 7 8 |  8.2
Fighting       | |  1.1
Spellcasting   | |  2.0

Action                   |  1- 3 |  4- 6 |  7- 9 || total
-------------------------+-------+-------+-------++-------
Melee: Unarmed           |   170 |   217 |   290 ||   677
       Kick              |    12 |    34 |    59 ||   105
       Tailslap          |    11 |    25 |    36 ||    72
       Headbutt          |     7 |    18 |    28 ||    53
       Punch             |       |     3 |     1 ||     4
 Cast: Beastly Appendage |    10 |    17 |    25 ||    52
       Wereblood         |       |       |     7 ||     7
Invok: Lunge             |       |       |    10 ||    10
  Use: Scroll            |       |     7 |    11 ||    18
       Potion            |       |     1 |    13 ||    14
 Stab: Sleeping          |     2 |       |       ||     2
Armor: Skin              |    66 |    47 |   143 ||   256
Dodge: Dodged            |   126 |   129 |   152 ||   407
Block: Other             |       |    14 |    94 ||   108
       Reflection        |       |       |     2 ||     2

Table legend: (Time is in decaauts)
 A = Elapsed time spent in this place.
 B = Non-inter-level travel time spent in this place.
 C = Inter-level travel time spent in this place.
 D = Time resting spent in this place.
 E = Time spent auto-exploring this place.
 F = Levels seen in this place.
 G = Mean time per level.
                   A        B        C        D        E       F      G
               +--------+--------+--------+--------+--------+-----+--------+
         Total |   8405 |   8140 |    265 |   1483 |   4532 |   8 | 1050.6 |
       Dungeon |   8158 |   7918 |    240 |   1483 |   4357 |   7 | 1165.4 |
        Temple |    247 |    222 |     25 |      0 |    175 |   1 |  247.0 |
               +--------+--------+--------+--------+--------+-----+--------+

Top non-repeatable levels by time:
     D:6: 2206 daAuts
     D:7: 1173 daAuts
     D:1: 1164 daAuts
     D:2: 1039 daAuts
     D:4: 1023 daAuts
     D:3: 999 daAuts
     D:5: 552 daAuts
  Temple: 247 daAuts
